 Dungeon Crawl Stone Soup version 0.29-a0-266-gf56f883ddd (webtiles) character file.

Game seed: 13310847330584982228

61 sokol815 the Sneak (level 4, -1/27 HPs)
             Began as an Octopode Enchanter on Mar 7, 2022.
             Slain by a quokka (4 damage)
             ... on level 2 of the Dungeon.
             The game lasted 00:01:44 (1196 turns).

sokol815 the Sneak (Octopode Enchanter)             Turns: 1196, Time: 00:01:45

Health: -1/27      AC:  1    Str:  7    XL:     4   Next: 7%
Magic:  7/7        EV: 17    Int: 19    God:
Gold:   19         SH:  0    Dex: 12    Spells: 7/7 levels left

rFire   . . .      SeeInvis .   a - +1 dagger
rCold   . . .      Faith    .   (no shield)
rNeg    . . .      Spirit   .   (helmet restricted)
rPois   .          Reflect  .   (no amulet)
rElec   .          Harm     .   E - +4 ring of evasion
rCorr   .          Rampage  .   (no ring)
Will    .....                   (no ring)
Stlth   ++++......              (no ring)
HPRegen 0.09/turn               (no ring)
MPRegen 0.10/turn               (no ring)
                                (no ring)
                                (no ring)

@: no status effects
A: almost no armour, amphibious, 8 rings, camouflage 1, gelatinous body 1,
(nimble swimmer 1), tentacles
a: no special abilities


You were on level 2 of the Dungeon.
You visited 1 branch of the dungeon, and saw 2 of its levels.

You collected 19 gold pieces.

Inventory:

Hand Weapons
 a - a +1 dagger (weapon)
 f - a +0 trident
   (You found it on level 1 of the Dungeon)
Missiles
 e - 6 poisoned darts
Jewellery
 E - a +4 ring of evasion (left tentacle)
   (You found it on level 1 of the Dungeon)
Scrolls
 b - 3 scrolls of identify {unknown}
 c - 2 scrolls of enchant weapon {unknown}
Potions
 d - a potion of curing {unknown}
 I - 2 potions of invisibility


   Skills:
 + Level 2.7 Short Blades
 - Level 2.0 Dodging
 + Level 5.5 Stealth
 - Level 2.0 Spellcasting
 - Level 3.0 Hexes


You had 7 spell levels left.
You didn't know any spells.
Your spell library contained the following spells:

 Spells                   Type           Power      Damage    Failure   Level
 Ensorcelled Hibernation  Hex/Ice        14%        N/A       14%         2
 Confusing Touch          Hex            13%        N/A       14%         3
 Tukima's Dance           Hex            13%        N/A       14%         3
 Dazzling Flash           Conj/Hex       14%        N/A       26%         3


Dungeon Overview and Level Annotations

Branches:
Dungeon (2/15)

Altars:
Okawaru


Innate Abilities, Weirdness & Mutations

You cannot wear most types of armour.
You are amphibious.
You can wear up to eight rings at the same time.
Your skin changes colour to match your surroundings (Stealth+).
Your rubbery body absorbs attacks. (AC +1, EV +1)
((You are camouflaged when in or above water. (Stealth+)))
You have tentacles for arms and can constrict up to eight enemies at once.


Message History

Your Stealth skill increases to level 5!
No target in view!
No target in view!
A kobold comes into view. It is wielding a +0 dagger.
The kobold shouts!
A giant cockroach comes into view.
Health restored: 21 The kobold throws a stone.
The stone barely misses you.
You hit the kobold.
You kill the kobold!
The giant cockroach bites you. The giant cockroach misses you.
You take 2 damage, and have 19/21 hp.
You hit the giant cockroach. You grab the giant cockroach.
You constrict the giant cockroach, but do no damage.
The giant cockroach barely misses you.
You hit the giant cockroach.
You kill the giant cockroach!
No target in view!
No target in view!
You see here a giant cockroach corpse.
You see here a +0 trident.
f - a +0 trident
c - 2 scrolls labelled YTIXIO NYOMN (gained 1)
s - 3 stones (quivered)
You see here a +0 dagger.
Health restored: 21
E - a +4 ring of evasion
E - a +4 ring of evasion (left tentacle)
You now have 11 gold pieces (gained 8).
There is an open door here.
Done exploring.
(D) Dungeon
Where to? (? - help)
There is a stone staircase leading down here.
You climb downwards.
Found 8 gold pieces and a mace.
Found an iron altar of Okawaru.
There is a stone staircase leading up here.
A rat comes into view.
You throw a stone. The stone closely misses the rat.
You throw a stone.
The stone hits the rat but does no damage.
You throw a stone.
The stone hits the rat but does no damage.
You hit the rat but do no damage. You grab the rat. You squeeze the rat.
You kill the rat!
No target in view!
No target in view!
Found a stone staircase leading down.
There is an iron altar of Okawaru here.
You now have 19 gold pieces (gained 8).
A ball python comes into view.
You see here a stone.
A quokka comes into view.
A hobgoblin comes into view.
The hobgoblin shouts!
The ball python hisses angrily.
You see here a stone.
You barely miss the ball python. You grab the ball python.
You constrict the ball python. The ball python closely misses you. x2
You hit the ball python. You squeeze the ball python.
You kill the ball python!
The hobgoblin closely misses you.
A hound comes into view.
You hit the hobgoblin. Your grab misses the hobgoblin.
The hobgoblin barely misses you.
You completely miss the hobgoblin. Your grab misses the hobgoblin.
The hobgoblin completely misses you.
You hit the hobgoblin.
You kill the hobgoblin!
You hit the quokka. Your grab misses the quokka.
You squeeze the quokka, but do no damage.
The quokka barely misses you.
You hit the quokka but do no damage. Your grab misses the quokka.
The quokka bites you.
You take 4 damage, and have 17/21 hp.
You hit the hound but do no damage. Your grab misses the hound.
The hound misses you. The quokka barely misses you.
You hit the hound. Your grab misses the hound. You squeeze the hound.
The hound completely misses you. The quokka barely misses you.
The hound closely misses you.
You hit the hound but do no damage. You grab the hound. You squeeze the hound.
You constrict the hound, but do no damage.
The hound barely misses you. The quokka bites you.
You take 4 damage, and have 13/21 hp.
You barely miss the hound. You squeeze the hound.
You constrict the hound, but do no damage.
The hound bites you. The quokka barely misses you. The hound bites you.
* * * LOW HITPOINT WARNING * * *
You take 8 damage, and have 5/21 hp.
MASSIVE DAMAGE!!
You barely miss the hound. You squeeze the hound.
You kill the hound!
The quokka bites you.
* * * LOW HITPOINT WARNING * * *
You have reached level 4!
You take 2 damage, and have 3/27 hp.
MP restored: 7 You hit the quokka.
You grab the quokka.
You constrict the quokka, but do no damage.
The quokka bites you.
You die...

#. .#### ##.+ ....
..#.# #... #.#.# .
#... #.#.# ##### ..
#...##.#.####..<# ...
#..†...#.##.....#....
#...@..#.##..........
#...r..#.(..._.......
##..(†(.##.......#...
#.....>.........#...
#.......###..#).# ..
#...........###.# #
.............# .#
....####......# .#
.... #......#


You could see a quokka.

Vanquished Creatures
  A hound (D:2)
  3 ball pythons
  6 endoplasms (D:1)
  2 giant cockroaches (D:1)
  3 hobgoblins
  A quokka (D:1)
  4 bats (D:1)
  2 frilled lizards (D:1)
  3 goblins (D:1)
  A kobold (D:1)
  4 rats
30 creatures vanquished.

Notes
Turn   | Place    | Note
-------+----------+-------------------------------------------
     0 | D:1      | sokol815 the Octopode Enchanter began the quest for the
                  | Orb.
     0 | D:1      | Reached XP level 1. HP: 11/11 MP: 3/3
    55 | D:1      | Found a faded altar of an unknown god.
   132 | D:1      | Reached XP level 2. HP: 13/17 MP: 5/5
   901 | D:1      | Reached skill level 2 in Short Blades
   995 | D:1      | Reached XP level 3. HP: 20/21 MP: 6/6
  1021 | D:1      | Reached skill level 5 in Stealth
  1164 | D:2      | Found an iron altar of Okawaru.
  1194 | D:2      | HP: 5/21 [hound (3)]
  1195 | D:2      | HP: 2/21 [quokka (3)]
  1196 | D:2      | Reached XP level 4. HP: 3/27 MP: 7/7
  1196 | D:2      | Slain by a quokka

Illustrated notes

Levels and vault maps discovered:
D:1:      zelgadis_glass_arrival_small, layout_basic,
          dreamdust_ecumenical_altar_statues, corexii_item_surrounded_by_moat
D:2:      minmay_kobold_bridge, layout_basic, basic_altar, item_on_display_a

Skill      XL: |  1  2  3 |
---------------+----------+-----
Short Blades   | 2 |  2.7
Stealth        | 5 |  5.5
Dodging        | |  2.0
Spellcasting   | |  2.0
Hexes          | |  3.0

Action                   |  1- 3 |  4- 6 || total
-------------------------+-------+-------++-------
Melee: Dagger            |    67 |     1 ||    68
       Tentacles         |    15 |       ||    15
       Constrict         |    10 |     1 ||    11
       Punch             |     1 |       ||     1
Throw: Stone             |     3 |       ||     3
 Stab: Sleeping          |     7 |       ||     7
Armor: Skin              |     6 |       ||     6
Dodge: Dodged            |    42 |       ||    42

Table legend: (Time is in decaauts)
 A = Elapsed time spent in this place.
 B = Non-inter-level travel time spent in this place.
 C = Inter-level travel time spent in this place.
 D = Time resting spent in this place.
 E = Time spent auto-exploring this place.
 F = Levels seen in this place.
 G = Mean time per level.
                   A        B        C        D        E       F      G
               +--------+--------+--------+--------+--------+-----+--------+
         Total |   1189 |   1187 |      2 |    454 |    548 |   2 |  594.5 |
       Dungeon |   1189 |   1187 |      2 |    454 |    548 |   2 |  594.5 |
               +--------+--------+--------+--------+--------+-----+--------+

Top non-repeatable levels by time:
     D:1: 1158 daAuts
     D:2: 30 daAuts

Table legend:
 A = Kills in this place as a percentage of kills in entire the game.
 B = Kills by you in this place as a percentage of kills by you in the entire game.
 C = Kills by friends in this place as a percentage of kills by friends in the entire game.
 D = Other kills in this place as a percentage of other kills in the entire game.
 E = Experience gained in this place as a percentage of experience gained in the entire game.
 F = Experience gained in this place divided by the number of levels of this place that you have seen.
                   A       B       C       D       E      F
               +-------+-------+-------+-------+-------+----------------------
         Total | 100.0 | 100.0 |   N/A |   N/A | 100.0 |  44.0
       Dungeon | 100.0 | 100.0 |   N/A |   N/A | 100.0 |  44.0
               +-------+-------+-------+-------+-------+----------------------
